 Dungeon Crawl Stone Soup version 0.23.0-3-gf3c87f2 (webtiles) character file.

Game seed: 9778263113268380391

8909 melvinkitnick the Cleaver (level 11, 0/97 HPs)
             Began as a Deep Dwarf Fighter on Feb 24, 2019.
             Was an Elder of Makhleb.
             Slain by a white ugly thing (15 damage)
             ... on level 11 of the Dungeon.
             The game lasted 00:20:45 (9176 turns).

melvinkitnick the Cleaver (Deep Dwarf Fighter)      Turns: 9176, Time: 00:20:46

Health: 0/97       AC: 23    Str: 22    XL:     11   Next: 16%
Magic:  15/15      EV: 10    Int: 10    God:    Makhleb [****..]
Gold:   572        SH:  0    Dex: 12    Spells: 10/10 levels left

rFire    . . .     SeeInvis .   D - +3 battleaxe
rCold    + . .     Gourm    .   (shield currently unavailable)
rNeg     . . .     Faith    .   p - +0 plate armour
rPois    .         Spirit   .   l - +2 helmet
rElec    .         Reflect  .   (no cloak)
rCorr    .         Harm     .   B - +2 pair of gloves
MR       +....                  E - +2 pair of boots
Stlth    ..........             (no amulet)
HPRegen  0.00/turn              b - ring of protection from cold
MPRegen  0.14/turn              i - +4 ring of evasion

@: non-regenerating
A: damage resistance, heal wounds, sense surroundings 2, no regeneration
a: Heal Wounds, Minor Destruction, Lesser Servant of Makhleb, Major Destruction,
Renounce Religion


You were on level 11 of the Dungeon.
You worshipped Makhleb.
Makhleb was greatly pleased with you.
You were not hungry.

You visited 2 branches of the dungeon, and saw 12 of its levels.
You also visited: Ossuary.

You collected 572 gold pieces.

Inventory:

Hand Weapons
 a - a +1 war axe
 D - a +3 battleaxe (weapon)
 H - the +11 halberd of Miemal {chop, +Blink rElec Str+5}
   (You found it on level 9 of the Dungeon)

   It inflicts extra damage upon your enemies.
   It affects your strength (+5).
   It insulates you from electricity.
   It lets you blink.
Missiles
 o - a throwing net (quivered)
Armour
 c - a +0 shield
 l - a +2 helmet (worn)
 p - a +0 plate armour (worn)
 B - a +2 pair of gloves (worn)
 E - a +2 pair of boots (worn)
Jewellery
 b - a ring of protection from cold (left hand)
 i - a +4 ring of evasion (right hand)
Wands
 u - a wand of acid (5)
 y - a wand of clouds (5)
 z - a wand of enslavement (3)
 A - a wand of iceblast (2)
Scrolls
 g - 5 scrolls of remove curse
 k - a scroll of enchant armour
 m - a scroll of fog
 v - 3 scrolls of blinking
 x - 4 scrolls of teleportation
 G - a scroll of fear
Potions
 d - 4 potions of might
 e - 2 potions of agility
 j - 5 potions of flight
 n - 2 potions of resistance
 q - 2 potions of heal wounds
 r - 2 potions of cancellation
 s - 6 potions of curing
 t - a potion of invisibility
 w - 3 potions of lignification
 C - a potion of haste {unknown}
 F - a potion of magic {unknown}
Comestibles
 f - 21 rations
 h - 10 chunks of flesh


   Skills:
 + Level 6.2 Fighting
 * Level 14.6 Axes
 + Level 7.4 Armour
 - Level 3.2 Shields
 + Level 7.8 Invocations
 + Level 0.0 Evocations


You had 10 spell levels left.
You didn't know any spells.
Your spell library contained the following spells:

 Spells                   Type           Power        Failure   Level  Hunger
 Animate Skeleton         Necr           N/A          99%         1    ##.....
 Freeze                   Ice            #...         99%         1    ##.....
 Magic Dart               Conj           #...         99%         1    ##.....
 Pain                     Necr           #...         99%         1    ##.....
 Summon Small Mammal      Summ           #...         99%         1    ##.....
 Blink                    Tloc           N/A          100%        2    ###....
 Call Imp                 Summ           #.......     100%        2    ###....
 Slow                     Hex            #.......     100%        2    ###....
 Throw Frost              Conj/Ice       #.....       100%        2    ###....
 Call Canine Familiar     Summ           #.......     100%        3    ####...
 Conjure Flame            Conj/Fire      #.......     100%        3    ####...
 Mephitic Cloud           Conj/Pois/Air  #.......     100%        3    ####...
 Ozocubu's Armour         Chrm/Ice       #.......     100%        3    ####...
 Summon Guardian Golem    Hex/Summ       #.......     100%        3    ####...
 Vampiric Draining        Necr           #.........   100%        3    ####...
 Animate Dead             Necr           N/A          100%        4    #####..
 Summon Ice Beast         Ice/Summ       #.......     100%        4    #####..
 Summon Lightning Spire   Summ/Air       #.......     100%        4    #####..
 Throw Icicle             Conj/Ice       #.......     100%        4    #####..
 Regeneration             Chrm/Necr      Unusable     N/A         3    N/A

Dungeon Overview and Level Annotations

Branches:
Dungeon (11/15)            Temple (1/1) D:4            Lair (0/6) D:11
    Orc: D:9-12

Altars:
Ashenzari
Cheibriados
Dithmenos
Kikubaaqudgha
Makhleb
Ru
Trog
The Shining One
Beogh

Shops:
D:6 %


Innate Abilities, Weirdness & Mutations

You are resistant to damage.
You can heal yourself by infusing magical energy.
You passively map the area around you.
You do not regenerate.


Message History

* * * LOW HITPOINT WARNING * * *
The nine-headed hydra bites you but does no damage.
The nine-headed hydra closely misses you.
The nine-headed hydra bites you but does no damage.
The nine-headed hydra bites you.
The nine-headed hydra bites you but does no damage. x2
The white ugly thing gores you but does no damage.
You hack one of the nine-headed hydra's heads off!
The eight-headed hydra grows two more!
You slash the ten-headed hydra! You slash the white ugly thing!
The ten-headed hydra closely misses you.
The ten-headed hydra bites you.
* * * LOW HITPOINT WARNING * * *
The ten-headed hydra bites you but does no damage. x3
The ten-headed hydra closely misses you.
The ten-headed hydra bites you but does no damage. x3
The ten-headed hydra bites you. The white ugly thing gores you.
* * * LOW HITPOINT WARNING * * *
The white ugly thing freezes you! You resist.
You die...

............... ,
#...#....?...
#...#......#.
##............ ,
##.........## * ,,
######..#.......# * .
#...............# * .. ,
###......uD.......###...,
#........@..............
*
#.#........###.......#.#
.......................#
................#...##.#
,
..≈.≈.≈≈...≈.##.###....#
*
.≈≈.≈.≈≈≈.........####.#,
≈≈≈.≈.≈≈≈.≈≈......# **# *
≈≈≈≈≈.≈≈≈≈........# ,
≈≈≈≈≈.≈≈≈..≈......######
*


You could see a ten-headed hydra and a white ugly thing.

Vanquished Creatures
  Erica (D:9)
  An unseen horror (D:11)
  Joseph (D:8)
  A troll (D:11)
  Grinder (D:6)
  4 yaks (D:11)
  4 hungry ghosts
  2 ice beasts
  2 orc warriors
  3 phantoms
  2 necrophages
  4 black bears
  A sky beast (D:3)
  4 ogres
  A wolf (D:11)
  7 centaurs
  3 big kobolds
  An elf zombie (Ossuary)
  2 bullfrogs
  A wyvern skeleton (D:9)
  A scorpion (D:6)
  7 killer bees
  5 wights (D:6)
  3 howler monkeys
  An electric eel (D:11)
  6 crimson imps
  3 centaur zombies
  12 hounds
  9 orc wizards
  2 human zombies (Ossuary)
  10 orc priests
  3 bullfrog skeletons
  A jelly (D:6)
  2 centaur skeletons
  3 iguanas
  7 worker ants
  3 big kobold zombies (Ossuary)
  3 hound skeletons
  A howler monkey zombie (D:9)
  2 mummies (Ossuary)
  Robin (D:3)
  4 gnolls (D:3)
  11 adders
  3 shadow imps
  4 adder zombies
  2 worms
  3 dart slugs
  6 leopard geckos
  57 orcs
  3 ball pythons (D:4)
  11 bats
  A giant cockroach (D:5)
  12 goblins
  7 hobgoblins
  16 jackals
  17 kobolds
  6 quokkas
  4 frilled lizards
  3 goblin zombies (Ossuary)
  7 hobgoblin zombies (Ossuary)
  10 kobold zombies (Ossuary)
  2 leopard gecko skeletons (D:5)
  8 orc zombies (Ossuary)
  6 rats
  A rat zombie (Ossuary)
335 creatures vanquished.

Notes
Turn   | Place    | Note
-------+----------+-------------------------------------------
     0 | D:1      | melvinkitnick the Deep Dwarf Fighter began the quest for
                  | the Orb.
     0 | D:1      | Reached XP level 1. HP: 20/20 MP: 1/1
   167 | D:1      | Reached skill level 3 in Axes
   199 | D:1      | Reached XP level 2. HP: 24/27 MP: 2/2
  1054 | D:2      | Reached XP level 3. HP: 18/33 MP: 3/3
  1060 | D:2      | Reached skill level 4 in Axes
  1378 | D:2      | Found a shattered altar of Ashenzari.
  1502 | D:2      | Reached XP level 4. HP: 28/40 MP: 4/4
  1516 | D:2      | Reached skill level 5 in Axes
  1939 | D:3      | Noticed Robin
  1943 | D:3      | Killed Robin
  2009 | D:3      | Reached XP level 5. HP: 46/46 MP: 5/5
  2100 | D:3      | Reached skill level 6 in Axes
  2176 | D:3      | Noticed a sky beast
  2191 | D:3      | Killed a sky beast
  2438 | D:3      | Reached skill level 7 in Axes
  2438 | D:3      | Reached XP level 6. HP: 41/55 MP: 6/6
  2649 | D:4      | Found a sand-covered staircase.
  2654 | Ossuary  | Entered an ossuary
  2766 | Ossuary  | Reached skill level 8 in Axes
  2776 | Ossuary  | Reached XP level 7. HP: 56/61 MP: 7/7
  2934 | D:4      | Reached skill level 9 in Axes
  3308 | D:4      | Found a staircase to the Ecumenical Temple.
  3325 | Temple   | Entered the Ecumenical Temple
  3362 | Temple   | Became a worshipper of Makhleb the Destroyer
  3583 | D:4      | Found a snail-covered altar of Cheibriados.
  3985 | D:5      | Entered Level 5 of the Dungeon
  3993 | D:5      | Reached skill level 10 in Axes
  4170 | D:5      | Got a translucent dagger
  4236 | D:5      | Reached XP level 8. HP: 49/68 MP: 8/8
  4484 | D:6      | Reached skill level 11 in Axes
  4561 | D:6      | Noticed Grinder
  4576 | D:6      | Paralysed by Grinder for 3 turns
  4589 | D:6      | Killed Grinder
  4629 | D:6      | Reached skill level 12 in Axes
  4711 | D:6      | Found Tuppyequq's Food Shop.
  4718 | D:6      | Reached * piety under Makhleb
  4731 | D:6      | Reached skill level 1 in Invocations
  5065 | D:6      | Found a bloodstained altar of Trog.
  5182 | D:7      | Gained mutation: You passively map the area around you.
                  | [Deep Dwarf growth]
  5182 | D:7      | Reached XP level 9. HP: 56/75 MP: 9/9
  5328 | D:7      | You fall through a shaft!
  5356 | D:8      | Noticed Joseph
  5362 | D:8      | Reached ** piety under Makhleb
  5405 | D:8      | Reached skill level 5 in Armour
  5417 | D:8      | Reached skill level 13 in Axes
  5432 | D:8      | Killed Joseph
  5447 | D:8      | Reached skill level 5 in Invocations
  5953 | D:7      | Reached XP level 10. HP: 73/87 MP: 12/12
  6933 | D:5      | Found a runed translucent door.
  6969 | D:5      | Reached *** piety under Makhleb
  7072 | D:5      | Found a roughly hewn altar of Beogh.
  7463 | D:9      | Reached skill level 5 in Fighting
  7674 | D:9      | Reached **** piety under Makhleb
  7687 | D:9      | Found a shadowy altar of Dithmenos.
  7726 | D:9      | Noticed Erica
  7736 | D:9      | Killed Erica
  7857 | D:9      | Got a smoking halberd
  7858 | D:9      | Identified the +11 halberd of Miemal {chop, +Blink rElec
                  | Str+5} (You found it on level 9 of the Dungeon)
  7977 | D:10     | Entered Level 10 of the Dungeon
  8127 | D:10     | Reached skill level 14 in Axes
  8968 | D:11     | Killed an unseen horror
  8968 | D:11     | Reached XP level 11. HP: 81/96 MP: 15/15
  9033 | D:11     | Found a staircase to the Lair.
  9162 | D:11     | Noticed a five-headed hydra
  9167 | D:11     | Noticed a white ugly thing
  9176 | D:11     | Slain by a white ugly thing

Skill      XL: |  1  2  3  4  5  6  7  8  9 10 |
---------------+-------------------------------+-----
Axes           | 3 4 5 7 8 10 12 13 14 | 14.6
Invocations    | 2 5 7 |  7.8
Fighting       | 3 4 6 |  6.2
Armour         | 5 7 |  7.4
Shields        | |  3.2

Action                   |  1- 3 |  4- 6 |  7- 9 | 10-12 || total
-------------------------+-------+-------+-------+-------++-------
Melee: War axe           |   104 |   196 |   415 |    27 ||   742
       Battleaxe         |       |       |       |   295 ||   295
 Abil: Heal Wounds       |     1 |     2 |     8 |     2 ||    13
Evoke: Wand              |       |       |       |     6 ||     6
  Use: Scroll            |     4 |     4 |    10 |    13 ||    31
  Eat: Chunk             |     2 |     4 |    13 |    18 ||    37
Armor: Scale mail        |    57 |       |       |       ||    57
       Chain mail        |    10 |    64 |   212 |    37 ||   323
       Plate armour      |       |       |       |   221 ||   221
Dodge: Dodged            |    32 |    69 |   154 |   191 ||   446
Block: Shield            |    81 |    94 |   202 |    13 ||   390
